Map: Catallena LE (Void)

Players

Winthrowe

  • Race: Zerg Zerg
  • Spawn Location: 12:00

A.I. 1 (Hard) - Winner!

  • Race: Zerg Zerg
  • Spawn Location: 9:00

VOD

Have the link to the VOD?

Description

Time

  • Played on: Aug. 16, 2017, 5:46 p.m.
  • Length: 14:10
Show
View Real Time Build Order
Export as new Build Order

Winthrowe Zerg 

Build Orders: Pool First 

Get SALT Encoding   

  12  0:05  Drone  
  13  0:12  Overlord  
  13  0:20  Drone  
  14  0:32  Drone x2  
  16  0:51  Spawning Pool  
  15  1:18  Drone x2  
  16  1:19  Drone  
  16  1:23  Hatchery  
  17  1:32  Extractor  
  16  1:39  Extractor  
  15  1:54  Queen  
  17  2:19  Drone  
  17  2:20  Drone x2  
  20  2:30  Queen  
  22  2:45  Drone  
  22  2:46  Drone x2  
  22  2:49  Overlord  
  25  3:01  Evolution Chamber  
  24  3:05  Queen  
  24  3:06  Drone  
  24  3:07  Evolution Chamber  
  26  3:31  Drone  
  26  3:32  Drone x5  
  32  3:38  Zerg Melee Weapons Level 1  
  32  3:41  Queen  
  34  3:53  Zerg Ground Armor Level 1  
  34  4:20  Overlord x2  
  34  4:23  Lair  
  34  4:55  Roach Warren  
  34  4:59  Zergling x12  
  39  5:32  Zerg Missile Weapons Level 1  
  39  5:34  Overlord x2  
  39  5:53  Roach  
  39  5:54  Roach x5  
  51  6:19  Glial Reconstitution  
  51  6:24  Zerg Melee Weapons Level 2  
  51  6:43  Roach x8  
  67  6:47  Overlord x2  
  67  6:48  Overlord x2  
  67  7:34  Overlord  
  67  7:35  Overlord x5  
  67  7:41  Zerg Missile Weapons Level 2  
  69  8:05  Roach  
  69  8:06  Roach x3  
  75  8:39  Zerg Ground Armor Level 2  
  55  9:32  Spire  
  54  9:51  Hydralisk Den  
  53  9:57  Overlord  
  53  9:58  Overlord x12  
  53  10:38  Hydralisk x6  
  65  11:02  Corruptor x2  
  69  11:21  Hydralisk x4  
  69  11:25  Hydralisk x2  
  81  11:40  Hydralisk  
  81  11:41  Hydralisk  
  47  12:18  Mutalisk  
  47  12:19  Mutalisk x4  
  57  12:23  Zergling x2  
  57  12:24  Zergling x4  
  57  12:26  Zergling x2  
  61  12:38  Corruptor  
  63  12:51  Extractor  
  63  12:56  Extractor  
  61  13:00  Drone x3  
  61  13:01  Drone x3  
  67  13:21  Corruptor x2  
Show
View Real Time Build Order
Export as new Build Order

A.I. 1 (Hard) Zerg - Winner!

Build Orders: Hatch First, Muta Ling Bane 

Get SALT Encoding   

  12  0:00  Drone  
  13  0:12  Overlord  
  13  0:18  Drone  
  14  0:31  Drone  
  14  0:32  Drone  
  14  0:34  Drone  
  17  0:53  Hatchery  
  17  0:56  Drone  
  17  1:12  Spawning Pool  
  17  1:15  Drone  
  18  1:18  Drone  
  18  1:23  Extractor  
  18  1:24  Drone  
  18  1:31  Overlord  
  18  1:38  Drone  
  19  2:00  Zergling x4  
  21  2:02  Queen  
  21  2:05  Roach Warren  
  21  2:06  Drone  
  23  2:09  Extractor  
  22  2:16  Drone  
  23  2:28  Drone  
  25  2:37  Drone  
  25  2:42  Overlord  
  25  2:46  Roach  
  25  2:47  Drone  
  25  2:48  Roach  
  30  2:59  Baneling Nest  
  29  3:09  Ravager  
  29  3:11  Extractor  
  29  3:13  Drone  
  29  3:15  Drone  
  29  3:19  Lair  
  31  3:38  Extractor  
  30  3:43  Baneling, Zergling x2  
  31  3:50  Drone  
  31  3:52  Drone  
  33  3:57  Drone  
  33  4:00  Drone  
  35  4:03  Overlord, Drone  
  36  4:15  Drone  
  37  4:18  Drone  
  37  4:20  Spire  
  37  4:22  Drone  
  38  4:29  Evolution Chamber  
  38  4:31  Drone  
  38  4:37  Evolution Chamber  
  37  4:39  Drone  
  37  4:42  Zergling x2  
  39  4:51  Zergling x2  
  40  5:00  Baneling, Overlord  
  40  5:11  Drone  
  40  5:13  Drone  
  42  5:17  Drone  
  43  5:21  Drone  
  43  5:24  Drone  
  43  5:27  Drone  
  46  5:31  Mutalisk  
  46  5:33  Overlord  
  48  5:37  Drone  
  48  5:39  Drone  
  48  5:40  Mutalisk  
  48  5:42  Drone  
  53  5:44  Drone  
  53  5:47  Drone  
  53  5:48  Mutalisk  
  53  5:49  Drone  
  58  5:52  Drone  
  58  5:56  Overlord  
  59  5:57  Mutalisk  
  59  5:59  Drone  
  62  6:04  Metabolic Boost  
  62  6:06  Drone  
  62  6:09  Drone  
  64  6:13  Zerg Melee Weapons Level 1  
  64  6:17  Drone  
  65  6:19  Drone  
  65  6:20  Drone  
  65  6:22  Overlord, Drone  
  68  6:28  Drone  
  68  6:31  Drone  
  70  6:33  Zerg Ground Armor Level 1  
  70  6:39  Drone  
  71  6:41  Drone  
  71  6:42  Burrow  
  72  6:50  Drone  
  72  6:51  Zergling x2  
  72  6:52  Overlord  
  74  7:00  Zergling x2  
  75  7:08  Centrifical Hooks, Baneling  
  75  7:09  Baneling, Zergling x2  
  76  7:16  Overlord  
  76  7:17  Zergling x2  
  76  7:19  Infestation Pit  
  76  7:22  Overseer  
  76  7:24  Overseer  
  76  7:26  Zergling x2  
  77  7:33  Spore Crawler  
  77  7:34  Mutalisk  
  77  7:36  Spore Crawler  
  77  7:37  Drone  
  77  7:38  Spore Crawler  
  77  7:39  Drone  
  77  7:43  Mutalisk, Spore Crawler, Drone  
  80  7:48  Queen  
  81  7:51  Mutalisk, Overlord  
  81  7:56  Queen  
  85  8:00  Mutalisk  
  85  8:02  Spine Crawler  
  85  8:04  Drone  
  85  8:05  Spine Crawler, Drone  
  86  8:07  Zerg Missile Weapons Level 1  
  86  8:09  Zergling x2  
  86  8:10  Spine Crawler  
  87  8:13  Spine Crawler, Drone  
  87  8:15  Drone  
  88  8:20  Hydralisk Den  
  88  8:21  Drone  
  88  8:33  Hive  
  88  8:38  Zergling x2  
  84  8:47  Zergling x2  
  78  8:56  Zergling x2  
  79  9:06  Baneling x2, Overlord, Zergling x2  
  80  9:15  Hatchery  
  80  9:16  Zergling x2  
  80  9:22  Pneumatized Carapace  
  80  9:26  Overlord, Zergling x2  
  80  9:27  Overseer  
  81  9:36  Zergling x2  
  82  9:44  Viper  
  85  9:46  Zergling x2  
  85  9:47  Overlord  
  86  9:56  Hydralisk  
  88  10:00  Ultralisk Cavern  
  88  10:05  Overlord  
  88  10:06  Hydralisk  
  89  10:16  Hydralisk  
  89  10:17  Zerg Melee Weapons Level 2  
  91  10:26  Hydralisk  
  91  10:27  Drone  
  94  10:29  Drone  
  94  10:30  Drone  
  94  10:31  Drone  
  94  10:33  Drone  
  94  10:34  Drone  
  99  10:36  Hydralisk, Drone  
  99  10:37  Overlord, Drone  
  99  10:38  Zerg Ground Armor Level 2  
  99  10:39  Drone  
  99  10:40  Drone  
  99  10:42  Extractor  
  104  10:43  Drone  
  104  10:46  Extractor, Hydralisk  
  104  10:47  Drone  
  107  10:57  Ultralisk  
  107  11:02  Zerg Flyer Weapons Level 1  
  107  11:03  Spore Crawler  
  112  11:04  Drone  
  112  11:05  Drone  
  112  11:07  Ultralisk  
  112  11:08  Spore Crawler  
  112  11:09  Drone  
  120  11:12  Queen  
  120  11:17  Ultralisk  
  128  11:27  Ultralisk  
  134  11:33  Spine Crawler  
  134  11:34  Drone  
  134  11:35  Spine Crawler  
  134  11:37  Drone  
  126  12:26  Hatchery  
  125  13:08  Roach  
  125  13:09  Overlord  
  125  13:11  Roach  
  129  13:13  Roach, Hydralisk  
  129  13:15  Roach  
  129  13:17  Roach  
  129  13:19  Roach  
  137  13:22  Roach  
  137  13:24  Roach  
  137  13:26  Infestor  
  139  13:28  Overlord  
  139  13:29  Roach  
  139  13:31  Roach  
  139  13:33  Roach  
  135  13:36  Roach  
  135  13:38  Roach, Drone  
  135  13:40  Roach  
  144  13:42  Zergling x2  
  144  13:45  Roach  
  144  13:47  Overlord, Roach  
  149  13:54  Extractor  
  149  13:55  Drone  
  153  13:56  Spore Crawler  
  153  13:58  Extractor, Spore Crawler, Drone  
Tags
 
Add a new tag
Caveats
  • Supply blocks, unpowered buildings, or Contaminate may cause inaccurate times.
  • Supply counts are checked every 10 seconds.